 Dungeon Crawl Stone Soup version 0.25.1-2-g60ff931df9 (webtiles) character file.

Game seed: 13281137458429126061

6634 DearestLeader the Earth Mage (level 11, -20/54 HPs)
             Began as a Gargoyle Earth Elementalist on Oct 16, 2020.
             Was an Initiate of Vehumet.
             Killed from afar by Psyche (22 damage)
             ... with a bolt of acid
             ... on level 10 of the Dungeon.
             The game lasted 00:18:20 (11268 turns).

DearestLeader the Earth Mage (GrEE)                Turns: 11268, Time: 00:18:21

Health: -20/54     AC:  8    Str: 12    XL:     11   Next: 2%
Magic:  14/21      EV: 12    Int: 22    God:    Vehumet [......]
Gold:   497        SH:  0    Dex: 16    Spells: 8/23 levels left

rFire    + . .     SeeInvis .   J - +4 scimitar (freeze) (curse)
rCold    . . .     Gourm    .   (no shield)
rNeg     + + .     Faith    .   c - +0 robe
rPois    ∞         Spirit   .   q - +0 helmet
rElec    +         Reflect  .   r - +0 cloak
rCorr    .         Harm     .   (no gloves)
MR       .....                  (no boots)
Stlth    ++........             L - amulet of magic regeneration
HPRegen  0.18/turn              o - ring of positive energy
MPRegen  0.42/turn              O - ring of Resumed Hostilities {rElec rF+ Int+3 Dex+6}

@: corroded
A: negative energy resistance 1, electricity resistance, unbreathing,
petrification resistance, rot immunity, AC +8
a: Renounce Religion


You were on level 10 of the Dungeon.
You worshipped Vehumet.
Vehumet was noncommittal.
You were hungry.

You visited 2 branches of the dungeon, and saw 11 of its levels.

You collected 497 gold pieces.

Inventory:

Hand Weapons
 J - a cursed +4 scimitar of freezing (weapon)
Missiles
 b - 231 stones (quivered)
Armour
 c - a +0 robe (worn)
 g - a +0 buckler
 q - a +0 helmet (worn)
 r - a +0 cloak (worn)
Magical Staves
 e - a cursed staff of earth {unknown}
 K - an uncursed staff of death {unknown}
Jewellery
 f - an uncursed ring of protection from magic {unknown}
 o - a ring of positive energy (left hand)
 u - an uncursed amulet of reflection
 L - an amulet of magic regeneration (around neck)
 N - a +6 ring of strength
 O - the ring of Resumed Hostilities (right hand) {rElec rF+ Int+3 Dex+6}
   (You found it on level 9 of the Dungeon)

   [ring of dexterity]

   It affects your intelligence (+3).
   It affects your dexterity (+6).
   It protects you from fire.
   It insulates you from electricity.
Wands
 s - a wand of clouds (9)
 C - a wand of iceblast (19)
 H - a wand of disintegration (7)
 Q - a wand of polymorph (7)
Scrolls
 a - 7 scrolls of teleportation
 k - 3 scrolls of fog
 l - 4 scrolls of remove curse
 t - a scroll of amnesia {unknown}
 v - 3 scrolls of immolation
 x - 3 scrolls of random uselessness
 y - a scroll of noise {unknown}
 F - a scroll of enchant armour {unknown}
 I - a scroll of magic mapping {unknown}
 M - a scroll of torment {unknown}
Potions
 i - a potion of stabbing {unknown}
 j - 2 potions of flight {unknown}
 m - a potion of cancellation {unknown}
 n - 6 potions of curing
 p - a potion of heal wounds
 w - a potion of ambrosia {unknown}
 A - 3 potions of might
 B - a potion of magic {unknown}
 D - 3 potions of brilliance {unknown}
 E - a potion of degeneration {unknown}
 G - a potion of resistance {unknown}
Miscellaneous
 h - a phial of floods
 z - a lightning rod (4/4)
Comestibles
 d - 15 rations


   Skills:
 - Level 1.5 Dodging
 - Level 2.1 Stealth
 + Level 6.9 Spellcasting
 + Level 5.1 Conjurations
 - Level 0.7 Transmutations
 + Level 15.9 Earth Magic


You had 8 spell levels left.
You knew the following spells:

 Your Spells              Type           Power        Failure   Level  Hunger
a - Sandblast             Erth           ######       0%          1    None
b - Passwall              Tmut/Erth      #####...     1%          2    None
c - Petrify               Tmut/Erth      #####...     2%          4    ###....
d - Stone Arrow           Conj/Erth      ######       1%          3    None
e - Lee's Rapid Deconstr  Erth           ######....   1%          5    #####..

Your spell library contained the following spells:

 Spells                   Type           Power        Failure   Level  Hunger
 Recall                   Summ/Tloc      N/A          26%         3    None
 Teleport Other           Tloc           #.......     26%         3    None
 Summon Forest            Summ/Tloc      #.........   93%         5    #####..
 Dispersal                Tloc           #.........   100%        6    ######.


Dungeon Overview and Level Annotations

Branches:
Dungeon (10/15)            Temple (1/1) D:6            Lair (0/6) D:8
    Orc: D:9-12

Altars:
Ashenzari
Cheibriados
Dithmenos
Elyvilon
Fedhas
Gozag
Hepliaklqana
Kikubaaqudgha
Makhleb
Nemelex Xobeh
Okawaru
Qazlal
Ru
Sif Muna
Trog
Uskayaw
Vehumet
Wu Jian
Xom
Yredelemnul
Zin
The Shining One

Shops:
D:6 }

Annotations:
D:10 Psyche


Innate Abilities, Weirdness & Mutations

You are resistant to torment.
Your stone body is resilient. (AC +8)
You are immune to poison.
You resist negative energy. (rN+)
You are resistant to electric shocks. (rElec)
You can survive without breathing.
You are immune to petrification.
You are immune to rotting.


Message History

The stone arrow hits the hippogriff!!
You kill the hippogriff!
Vehumet accepts your kill.
You hear a zap.
A bolt of acid appears from out of thin air!
The bolt of acid hits you!! The acid corrodes you!
You are splashed with acid!
* * * LOW HITPOINT WARNING * * *
You hear a zap.
A bolt of acid appears from out of thin air!
The bolt of acid misses you.
A magic dart appears from out of thin air!
The magic dart hits you.
* * * LOW HITPOINT WARNING * * *
A puff of frost appears from out of thin air!
The puff of frost hits you!
* * * LOW HITPOINT WARNING * * *
You hear a zap.
A bolt of acid appears from out of thin air!
The bolt of acid hits you!!
You die...

###+###.# #...###.#
#........ #.......#
##...#.... ########
#########......### #......#
#............<.... #......#
#.................
#......###@...........[####
#..........#######.....####
###.......{# #..........
#........# #...#......
#....Z...# #..........
####.....# #.......###
#..#### #.......# #...#
####....# .....# ######


You could see a centaur warrior zombie.

Vanquished Creatures
  Harold (D:10)
  2 two-headed ogres
  An ugly thing (D:9)
  A freezing wraith (D:8)
  2 hippogriffs
  A wyvern (D:8)
  An acid dragon (D:8)
  A black bear (D:6)
  2 sky beasts (D:8)
  2 ice beasts
  3 phantoms
  An orc warrior (D:9)
  5 ogres
  A centaur (D:8)
  2 big kobolds
  6 bullfrogs
  2 scorpions
  4 wights
  A howler monkey (D:8)
  5 crimson imps
  2 centaur zombies
  A quasit (D:5)
  5 hounds
  5 orc wizards
  2 orc priests (D:9)
  3 jellies
  A bullfrog skeleton (D:7)
  3 centaur skeletons
  A gnoll shaman (D:9)
  6 iguanas
  3 worker ants
  4 gnolls (D:9)
  5 adders
  2 shadow imps (D:5)
  A worm (shapeshifter) (D:8)
  3 worms
  A dart slug (D:1)
  4 leopard geckos
  25 orcs
  4 bats
  5 giant cockroaches
  5 goblins
  8 hobgoblins
  17 jackals
  9 quokkas
  4 frilled lizards
  10 kobolds
  7 rats
190 creatures vanquished.

Vanquished Creatures (others)
  A kobold (D:9)
1 creature vanquished.

Grand Total: 191 creatures vanquished

Notes
Turn   | Place    | Note
-------+----------+-------------------------------------------
     0 | D:1      | DearestLeader the Gargoyle Earth Elementalist began the
                  | quest for the Orb.
     0 | D:1      | Reached XP level 1. HP: 10/10 MP: 3/3
    47 | D:1      | Reached skill level 4 in Earth Magic
   123 | D:1      | Reached XP level 2. HP: 15/15 MP: 5/5
   729 | D:2      | Found a bloodstained altar of Trog.
   765 | D:2      | Reached XP level 3. HP: 18/19 MP: 6/6
   769 | D:2      | Reached skill level 5 in Earth Magic
   963 | D:2      | Found a shadowy altar of Dithmenos.
  1387 | D:2      | Reached XP level 4. HP: 24/24 MP: 4/7
  1466 | D:2      | Found a faded altar of an unknown god.
  1643 | D:3      | Reached skill level 6 in Earth Magic
  1923 | D:3      | Found a shimmering blue altar of Sif Muna.
  2345 | D:3      | Learned a level 2 spell: Passwall
  2350 | D:3      | Learned a level 4 spell: Petrify
  2528 | D:3      | Found a sparkling altar of Nemelex Xobeh.
  2721 | D:4      | Found a snail-covered altar of Cheibriados.
  2723 | D:4      | Found an iron altar of Okawaru.
  2736 | D:4      | Found a shimmering altar of Xom.
  2748 | D:4      | Reached XP level 5. HP: 28/28 MP: 3/8
  2803 | D:4      | Noticed a phantom
  2804 | D:4      | Found a shattered altar of Ashenzari.
  2816 | D:4      | Killed a phantom
  2816 | D:4      | Reached skill level 7 in Earth Magic
  2816 | D:4      | Reached XP level 6. HP: 32/32 MP: 4/9
  2939 | D:4      | Reached skill level 8 in Earth Magic
  3338 | D:4      | Reached skill level 9 in Earth Magic
  3338 | D:4      | Reached XP level 7. HP: 34/36 MP: 5/10
  3834 | D:5      | Entered Level 5 of the Dungeon
  3864 | D:5      | Reached skill level 10 in Earth Magic
  3999 | D:5      | Learned a level 3 spell: Stone Arrow
  4444 | D:5      | Reached skill level 11 in Earth Magic
  4444 | D:5      | Reached XP level 8. HP: 41/41 MP: 9/11
  4684 | D:5      | Found a stormy altar of Qazlal.
  5064 | D:6      | Found a staircase to the Ecumenical Temple.
  5111 | Temple   | Entered the Ecumenical Temple
  5246 | D:6      | Found Mifitt's Gadget Shoppe.
  5393 | D:6      | Reached skill level 12 in Earth Magic
  5687 | D:6      | Reached skill level 1 in Conjurations
  6014 | D:7      | Found a sacrificial altar of Ru.
  6019 | D:7      | Noticed a hippogriff
  6033 | D:7      | Killed a hippogriff
  6033 | D:7      | Reached XP level 9. HP: 33/45 MP: 0/13
  6720 | D:7      | Reached skill level 13 in Earth Magic
  7447 | D:8      | Learned a level 5 spell: Lee's Rapid Deconstruction
  7602 | D:8      | Identified the Tome of the Compass
  7641 | D:8      | Noticed a two-headed ogre
  7645 | D:8      | Killed a two-headed ogre
  7645 | D:8      | Reached skill level 14 in Earth Magic
  7645 | D:8      | Reached XP level 10. HP: 48/50 MP: 0/17
  7797 | D:8      | Reached skill level 5 in Spellcasting
  8322 | D:8      | Found a staircase to the Lair.
  8387 | D:8      | Found an opulent altar of Gozag.
  8429 | D:8      | Found a radiant altar of Vehumet.
  8440 | D:8      | Became a worshipper of Vehumet
  9076 | D:8      | Found an ornate altar of the Wu Jian Council.
  9302 | D:9      | Got a wavering jade ring
  9683 | D:9      | Noticed a red ugly thing
  9688 | D:9      | Killed a red ugly thing
  9688 | D:9      | Reached skill level 15 in Earth Magic
  9998 | D:9      | Noticed a two-headed ogre
  9999 | D:9      | Identified the ring of Resumed Hostilities {rElec rF+ Int+3
                  | Dex+6} (You found it on level 9 of the Dungeon)
 10004 | D:9      | Killed a two-headed ogre
 10321 | D:9      | Found a basalt altar of Yredelemnul.
 10620 | D:9      | Found a white marble altar of Elyvilon.
 10914 | D:10     | Entered Level 10 of the Dungeon
 10947 | D:10     | Noticed Harold
 11017 | D:10     | Killed Harold
 11017 | D:10     | Reached skill level 5 in Conjurations
 11017 | D:10     | Reached XP level 11. HP: 15/54 MP: 11/21
 11256 | D:10     | Noticed Psyche
 11267 | D:10     | HP: 2/54 [something/puff of frost (8)]
 11268 | D:10     | Killed from afar by Psyche

Illustrated notes

Levels and vault maps discovered:
D:1:      psy_arrival_statuary, layout_rooms
D:2:      layout_loops_ring, nicolae_dithmenos_shadow_blocks,
          lemuel_crystal_altar, chequers_ecumenical_altar_grove
D:3:      layout_loops_ring, lemuel_doored_altar,
          nemelex_xobeh_ov_fountains_minmay
D:4:      layout_basic, ashenzari_conservatory_becter,
          grunt_temple_overflow_open, first_ration
D:5:      layout_loops_ring, grunt_qazlal_sundering
D:6:      layout_loops_cross, minmay_temple_entry_trees, serial_shops, shop
D:7:      layout_basic, basic_altar
D:8:      minmay_the_grid_plus [minmay_the_grid_pillar_ring,
          minmay_the_grid_broken_lines, minmay_the_grid_rooms,
          minmay_the_grid_outer_diamond, minmay_the_grid_prize_diamond_cup],
          layout_gridville, grunt_gozag_breadcrumbs, marbit_many_paths,
          fiery_altar_vehumet
D:9:      layout_stronghold, kennysheep_ying_yang, kennysheep_generic_room_9
D:10:     layout_basic, hangedman_little_slice_of_home, uniq_psyche,
          uniq_harold, uniq_maurice, uniq_sonja
Temple:   jpeg_temple_island

Skill      XL: |  1  2  3  4  5  6  7  8  9 10 |
---------------+-------------------------------+-----
Earth Magic    | 4 5 6 7 9 11 12 14 15 | 15.9
Conjurations   | 2 4 5 |  5.1
Spellcasting   | 4 6 |  6.9
Dodging        | |  1.5
Stealth        | |  2.1
Transmutations | |  0.7

Action                   |  1- 3 |  4- 6 |  7- 9 | 10-12 || total
-------------------------+-------+-------+-------+-------++-------
Melee: Short sword       |    49 |       |       |       ||    49
       Whip              |    54 |    94 |   189 |       ||   337
       Scimitar          |       |       |       |    96 ||    96
 Cast: Sandblast         |     5 |    33 |    75 |    22 ||   135
       Stone Arrow       |       |       |    42 |    34 ||    76
       Lee's Rapid Decon |       |       |       |     3 ||     3
       Petrify           |       |       |       |     2 ||     2
  Use: Scroll            |       |       |     6 |     3 ||     9
       Potion            |       |       |       |     2 ||     2
 Stab: Sleeping          |     2 |     3 |     1 |     2 ||     8
       Distracted        |       |       |     1 |       ||     1
  Eat: Chunk             |     2 |     6 |    18 |    10 ||    36
       Ration            |       |       |       |     1 ||     1
Armor: Robe              |    30 |    47 |   112 |    60 ||   249
Dodge: Dodged            |    91 |    93 |   181 |    78 ||   443
Block: Other             |       |       |    62 |    24 ||    86
       Reflection        |       |       |       |     1 ||     1
       Rpst.: Scimitar   |       |       |       |    17 ||    17
